 Dungeon Crawl Stone Soup version 0.27-a0-1066-g29160eaed2 (webtiles) character file.

Game seed: 18366126137434535959

27 Hodglim the Chopper (level 3, -4/33 HPs)
             Began as a Hill Orc Monk on Apr 24, 2021.
             Slain by a gnoll
             ... wielding a +0 spear
              (9 damage)
             ... on level 1 of the Dungeon.
             The game lasted 00:04:06 (1128 turns).

Hodglim the Chopper (Hill Orc Monk)                 Turns: 1128, Time: 00:04:06

Health: -4/33      AC:  4    Str: 14    XL:     3   Next: 10%
Magic:  3/3        EV: 12    Int: 10    God:
Gold:   19         SH:  0    Dex: 13    Spells: 2/2 levels left

rFire    . . .     SeeInvis .   a - +0 hand axe
rCold    . . .     Faith    .   (no shield)
rNeg     . . .     Spirit   .   b - +0 robe
rPois    .         Reflect  .   (no helmet)
rElec    .         Harm     .   (no cloak)
rCorr    .         Rampage  .   g - +0 pair of gloves
Will     .....                  d - +0 pair of boots
Stlth    ++........             (no amulet)
HPRegen  0.11/turn              (no ring)
MPRegen  0.08/turn              (no ring)

@: no status effects
A: no striking features
a: no special abilities


You were on level 1 of the Dungeon.
You visited 1 branch of the dungeon, and saw 2 of its levels.

You collected 19 gold pieces.

Inventory:

Hand Weapons
 a - a +0 hand axe (weapon)
Missiles
 c - 45 stones (quivered)
Armour
 b - a +0 robe (worn)
 d - a +0 pair of boots (worn)
 g - a +0 pair of gloves (worn)
Scrolls
 e - 4 scrolls of identify {unknown}
 h - a scroll of teleportation {unknown}
Potions
 f - a potion of curing {unknown}


   Skills:
 + Level 4.0 Fighting
 + Level 4.4 Axes
 + Level 1.2 Armour
 + Level 2.6 Dodging
 - Level 1.5 Stealth


You had 2 spell levels left.
You didn't know any spells.
Your spell library was empty.

Dungeon Overview and Level Annotations

Branches:
Dungeon (2/15)

Altars:


Message History

The gnoll barely misses you.
You closely miss the gnoll.
The gnoll is moderately wounded.
The gnoll hits you with a +0 spear.
You hit the gnoll but do no damage.
The gnoll is moderately wounded.
The gnoll hits you with a +0 spear.
You closely miss the gnoll.
The gnoll is moderately wounded.
The gnoll hits you with a +0 spear.
You barely miss the gnoll.
The gnoll is moderately wounded.
The gnoll closely misses you. The gnoll hits you with a +0 spear.
The gnoll hits you from afar with a +0 spear.
* * * LOW HITPOINT WARNING * * *
There is a stone staircase leading down here.
You climb downwards.
There is a stone staircase leading up here.
You start resting.
HP restored.
You climb upwards.
There is a stone staircase leading down here.
The gnoll barely misses you.
You barely miss the gnoll. The gnoll barely misses you.
You hit the gnoll but do no damage. The gnoll barely misses you.
You barely miss the gnoll. The gnoll hits you with a +0 spear.
You hit the gnoll.
The gnoll is lightly wounded.
The gnoll hits you with a +0 spear.
You barely miss the gnoll.
The gnoll is lightly wounded.
The gnoll hits you with a +0 spear. The gnoll hits you with a +0 spear!
You slash the gnoll!
The gnoll is severely wounded.
The gnoll hits you with a +0 spear!
* * * LOW HITPOINT WARNING * * *
You closely miss the gnoll.
The gnoll is severely wounded.
The gnoll hits you with a +0 spear!
You die...

#####
############...#
####.............>#
..)......######.@.#
.##..###.#
#####g### ###.##
#.# #.......# .##.#
#.# #.###.#.# .##.#
#.###.###.#.#####
..#.#
#.##..g..........
....#
#.##..###.#.#####
)...# #.##..###.#.#
...## #.##........#


You could see a gnoll.

Vanquished Creatures
  A dart slug (D:1)
  5 ball pythons (D:1)
  5 endoplasms (D:1)
  A hobgoblin (D:1)
  3 kobolds (D:1)
  A quokka (D:1)
  2 bats (D:1)
  3 frilled lizards (D:1)
  2 goblins (D:1)
  A rat (D:1)
24 creatures vanquished.

Notes
Turn   | Place    | Note
-------+----------+-------------------------------------------
     0 | D:1      | Hodglim the Hill Orc Monk began the quest for the Orb.
     0 | D:1      | Reached XP level 1. HP: 19/19 MP: 1/1
   337 | D:1      | Reached XP level 2. HP: 27/27 MP: 2/2
   525 | D:1      | Reached skill level 1 in Armour
   766 | D:1      | Reached XP level 3. HP: 33/33 MP: 3/3
  1128 | D:1      | Slain by a gnoll

Illustrated notes

Levels and vault maps discovered:
D:1:      minmay_arrival_solitary_statue, layout_loops_ring, glass_columns_a,
          minmay_close_crescents
D:2:      layout_basic, corexii_hall_statues_l, hangedman_decor_clover_reticule,
          uniq_robin

Skill      XL: |  1  2 |
---------------+-------+-----
Armour         | 1 |  1.2
Fighting       | 4 |  4.0
Axes           | |  4.4
Dodging        | |  2.6
Stealth        | |  1.5

Action                   || total
-------------------------++-------
Melee: Hand axe          ||    78
Throw: Stone             ||     4
 Stab: Sleeping          ||     2
Armor: Robe              ||    20
Dodge: Dodged            ||    52

Table legend: (Time is in decaauts)
 A = Elapsed time spent in this place.
 B = Non-inter-level travel time spent in this place.
 C = Inter-level travel time spent in this place.
 D = Time resting spent in this place.
 E = Time spent auto-exploring this place.
 F = Levels seen in this place.
 G = Mean time per level.
                   A        B        C        D        E       F      G
               +--------+--------+--------+--------+--------+-----+--------+
         Total |   1135 |   1135 |      0 |    636 |    116 |   2 |  567.5 |
       Dungeon |   1135 |   1135 |      0 |    636 |    116 |   2 |  567.5 |
               +--------+--------+--------+--------+--------+-----+--------+

Top non-repeatable levels by time:
     D:1: 923 daAuts
     D:2: 211 daAuts
